 Dungeon Crawl Stone Soup version 0.17-b1-36-g7b1967c (console) character file.

20 gw the Charmwright (level 2, -4/17 HPs)
             Began as a Tengu Skald on Nov 7, 2015.
             Slain by a worm (10 damage)
             ... on level 2 of the Dungeon.
             The game lasted 00:01:12 (1431 turns).

gw the Charmwright (Tengu Skald)                    Turns: 1431, Time: 00:01:12

Health: -4/17      AC:  3    Str: 12    XL:     2   Next: 79%
Magic:  4/6        EV: 12    Int: 12    God:
Gold:   48         SH:  0    Dex: 13    Spells: 1 memorised, 4 levels left

rFire  . . .     SeeInvis .     a - +0 mace
rCold  . . .     Clarity  .     f - +0 leather armour (curse)
rNeg   . . .     SustAt   .     (no shield)
rPois  .         Gourm    .     (helmet restricted)
rElec  .         Spirit   .     (no cloak)
rCorr  .         Warding  .     (no gloves)
rMut   .         Stasis   .     (boots unavailable)
MR     .....                    (no amulet)
Stlth  +.........               (no ring)
                                (no ring)

@: infused, very slightly contaminated, not resistant to hostile enchantments,
very unstealthy
A: beak, talons 3
a: no special abilities


You were on level 2 of the Dungeon.
You were not hungry.

You visited 1 branch of the dungeon, and saw 2 of its levels.

You collected 48 gold pieces.

Inventory:

Hand Weapons
 a - a +0 mace (weapon)
Missiles
 e - 42 bolts
Armour
 f - a cursed +0 leather armour (worn)
Books
 c - a book of Battle

   Spells                             Type                      Level
   a - Infusion                       Charms                       1
   b - Shroud of Golubria             Charms/Translocation         2
   c - Song of Slaying                Charms                       2
   d - Spectral Weapon                Hexes/Charms                 3
   e - Regeneration                   Charms/Necromancy            3
Comestibles
 d - a bread ration


   Skills:
 * Level 2.2 Fighting
 + Level 2.4 Maces & Flails
 - Level 1.1 Armour
 + Level 2.0 Dodging
 + Level 2.3 Spellcasting
 - Level 2.4 Charms


You had 4 spell levels left.
You knew the following spells:

 Your Spells              Type           Power        Failure   Level  Hunger
a - Infusion              Chrm           #.....       14%         1    ##.....


Dungeon Overview and Level Annotations

Branches:
Dungeon (2/15)

Altars:


Innate Abilities, Weirdness & Mutations

You have a beak for a mouth.
You have claws for feet.


Message History

Unknown command.
ATTACKING (-1,0)
You hit the hobgoblin.
You claw the hobgoblin, but do no damage.
Your peck misses the hobgoblin.
The hobgoblin is moderately wounded.
The rat bites you but does no damage. The worm bites you!
The rat bites you but does no damage. The hobgoblin closely misses you.
The rat bites you.
Unknown command.
Unknown command.
Unknown command.
Unknown command.
ATTACKING (-1,0)
You closely miss the hobgoblin. Your kick misses the hobgoblin.
The hobgoblin is moderately wounded.
The rat closely misses you. The hobgoblin misses you.
The rat bites you but does no damage. The worm bites you!
Ouch! That really hurt!
You die...

<...... #...... ...
..... ...## ....
..... ..# +#
.!!..####.# .#
........#.## .#
..#........####.####
#..#.......gQ....#
#. #.......rrw..)# #
#.............#
#.<...........#
#.............#
.................
#.#########.......##
# ......#.#


You could see a worm, a hobgoblin and 2 rats.

Table legend:
 A = Turns spent in this place as a percentage of turns spent in the entire game.
 B = Non-inter-level travel turns spent in this place as a percentage of non-inter-level travel turns spent in the entire game.
 C = Inter-level travel turns spent in this place as a percentage of turns spent in this place.
 D = Turns resting spent in this place as a percentage of non-inter-level travel turns spent in this place.
 E = Turns spent auto-exploring this place as a percentage of non-inter-level travel turns spent in this place.
 F = Non-inter-level travel turns spent in this place divided by the number of levels of this place that you've seen.
                   A       B       C       D       E      F
               +-------+-------+-------+-------+-------+----------------------
         Total | 100.0 | 100.0 |   0.4 |   3.2 |   2.5 | 783.5
       Dungeon | 100.0 | 100.0 |   0.4 |   3.2 |   2.5 | 783.5
               +-------+-------+-------+-------+-------+----------------------

Table legend:
 A = Kills in this place as a percentage of kills in entire the game.
 B = Kills by you in this place as a percentage of kills by you in the entire game.
 C = Kills by friends in this place as a percentage of kills by friends in the entire game.
 D = Other kills in this place as a percentage of other kills in the entire game.
 E = Experience gained in this place as a percentage of experience gained in the entire game.
 F = Experience gained in this place divided by the number of levels of this place that you have seen.
                   A       B       C       D       E      F
               +-------+-------+-------+-------+-------+----------------------
         Total | 100.0 | 100.0 |  -nan |  -nan | 100.0 |  14.5
       Dungeon | 100.0 | 100.0 |  -nan |  -nan | 100.0 |  14.5
               +-------+-------+-------+-------+-------+----------------------

Vanquished Creatures
  3 giant cockroaches (D:1)
  A hobgoblin (D:1)
  3 kobolds (D:1)
  A ball python (D:1)
  3 jackals (D:1)
  10 rats (D:1)
21 creatures vanquished.

Notes
Turn   | Place    | Note
--------------------------------------------------------------
     0 | D:1      | gw the Tengu Skald began the quest for the Orb.
     0 | D:1      | Reached XP level 1. HP: 12/12 MP: 4/4
   642 | D:1      | Reached XP level 2. HP: 17/17 MP: 3/6
  1431 | D:2      | Slain by a worm

Action                   || total
-------------------------++-------
Melee: Mace              ||    48
 Cast: Infusion          ||    24
  Eat: Chunk             ||     2

Vault maps used:
D:1:      onia_arrival_larder, minmay_door_square, grunt_decor_resistance
D:2:      nicolae_overflow_crystal_walls, first_bread, uniq_crazy_yiuf_cottage,
          uniq_sigmund
